 Dungeon Sprint DCSS version 0.20-a0-1000-g0e8f6bb (webtiles) character file.

228 lordofallpotatos the Fighter (level 5, -1/49 HPs)
             Began as a Demonspawn Monk on Apr 13, 2017.
             Was a Priest of Wu Jian.
             Slain by a large abomination (34 damage)
             ... in the Dungeon (Sprint V: "Ziggurat Sprint").
             The game lasted 00:03:46 (197 turns).

lordofallpotatos the Fighter (Demonspawn Monk)       Turns: 197, Time: 00:03:46

Health: -1/49      AC:  4    Str: 11    XL:     5   Next: 70%
Magic:  1/5        EV: 27    Int: 12    God:    Wu Jian [***...]
Gold:   0          SH:  0    Dex: 33    Spells: 4/4 levels left

rFire    . . .     SeeInvis .     - Unarmed
rCold    . . .     Gourm    .   (no shield)
rNeg     . . .     Faith    .   a - +0 robe
rPois    +         Spirit   .   (no helmet)
rElec    .         Reflect  .   h - +1 cloak {rPois}
rCorr    .         Harm     .   (no gloves)
MR       .....     NoTele   +   (no boots)
Stlth    +++++.....             (no amulet)
Regen    0.2/turn               q - +6 ring of dexterity
MPRegen  0.1/turn               r - +6 ring of dexterity

@: agile, exhausted, hasted and slowed
A: claws 2, spiny 1
a: Renounce Religion


You were in the Dungeon.
You worshipped Wu Jian.
Wu Jian was most pleased with you.
You were very full.

You visited 1 branch

Inventory:

Armour
 a - a +0 robe (worn)
 h - a +1 cloak of poison resistance (worn)
Jewellery
 q - a +6 ring of dexterity (left claw)
 r - a +6 ring of dexterity (right claw)
Potions
 c - 9 potions of curing
 d - 6 potions of heal wounds
 e - 5 potions of haste
 f - 7 potions of magic
 g - 2 potions of berserk rage
 i - 2 potions of brilliance
 j - 2 potions of invisibility
 k - 4 potions of resistance
 m - 3 potions of agility
 n - 4 potions of might
Comestibles
 b - 5 bread rations
 o - 42 fruits
 p - 3 meat rations


   Skills:
 + Level 8.1 Fighting
 + Level 8.1 Dodging
 + Level 6.2 Stealth
 + Level 4.0 Unarmed Combat


You had 4 spell levels left.
You didn't know any spells.

Dungeon Overview and Level Annotations

Branches:
Dungeon (1/1)

Altars:
Ashenzari
Cheibriados
Dithmenos
Elyvilon
Fedhas
Gozag
Hepliaklqana
Kikubaaqudgha
Makhleb
Nemelex Xobeh
Okawaru
Qazlal
Ru
Sif Muna
Trog
Uskayaw
Vehumet
Wu Jian
Xom
Yredelemnul
Zin
The Shining One
Beogh
Jiyva
Lugonu


Innate Abilities, Weirdness & Mutations

You have very sharp fingernails.
You are partially covered in sharp spines.


Message History

The large abomination barely misses you.
You feel a strong urge to attack something.
You repeatedly attack the eye of draining from above.
You mangle the eye of draining!!
The eye of draining is heavily wounded.
You claw the eye of draining!
The eye of draining is almost dead.
The eye of draining is distracted by your jump.
You are no longer berserk.
You are exhausted.
You feel yourself slow down.
The eye of draining turns its gaze towards you.
You feel much better.
The large abomination is struck by your spines.
The large abomination hits you!!
You feel better.
The crimson imp is struck by your spines.
The crimson imp completely misses you. The large abomination hits you!!
Ouch! That really hurt!
You die...

▓▓▓▓▓▓▓▓▓▓▓▓▓▓▓▓▓▓▓
▓.8©8.▓.8©8.▓.8©8.▓
▓.|.[.▓.|.).▓.....▓
▓..}..▓.....▓.=.[.▓
▓.§5..▓.....▓.....▓
▓..@X.▓.....▓..†..▓
▓..G..▓.††..▓.....▓
▓..§..▓.....▓▓▓▓▓▓▓
▓▓▓▓▓▓▓▓▓▓▓▓▓


You could see a large abomination, an eye of draining and a crimson imp.

Vanquished Creatures
  A porcupine (D)
  A necrophage (D)
  An iguana (D)
  A white imp (D)
  A jackal (D)
  A quokka zombie (D)
6 creatures vanquished.

Notes
Turn   | Place    | Note
-------+----------+-------------------------------------------
     0 | D        | lordofallpotatos the Demonspawn Monk began the quest for the Orb.
     0 | D        | Reached XP level 1. HP: 19/19 MP: 1/1
     2 | D        | Found a bloodstained altar of Trog.
     2 | D        | Found a deep blue altar of Sif Muna.
     2 | D        | Found a sacrificial altar of Ru.
     2 | D        | Found a stormy altar of Qazlal.
     8 | D        | Became a worshipper of the Wu Jian Council
     8 | D        | Reached * piety under Wu Jian
     8 | D        | Reached ** piety under Wu Jian
    10 | D        | Found an iron altar of Okawaru.
    13 | D        | Found a sparkling altar of Nemelex Xobeh.
    14 | D        | Found a blossoming altar of Fedhas.
    17 | D        | Found an ancient bone altar of Kikubaaqudgha.
    17 | D        | Found a corrupted altar of Lugonu.
    17 | D        | Found a viscous altar of Jiyva.
    17 | D        | Found a burning altar of Makhleb.
    17 | D        | Found a hazy altar of Hepliaklqana.
    17 | D        | Found an opulent altar of Gozag.
    41 | D        | Reached skill level 5 in Fighting
    41 | D        | Gained mutation: You have sharp fingernails. [demonic ancestry]
    41 | D        | Reached XP level 2. HP: 27/27 MP: 2/2
    55 | D        | Entered arena 1.
    55 | D        | Noticed a necrophage
    71 | D        | Killed a necrophage
    71 | D        | Reached skill level 5 in Stealth
    71 | D        | Gained mutation: You have very sharp fingernails. [demonic ancestry]
    71 | D        | Reached XP level 3. HP: 27/35 MP: 3/3
    71 | D        | Gained mutation: You are partially covered in sharp spines. [demonic ancestry]
    71 | D        | Reached XP level 4. HP: 32/41 MP: 4/4
   142 | D        | Entered arena 2.
   142 | D        | Noticed a porcupine
   155 | D        | Reached *** piety under Wu Jian
   158 | D        | Killed a porcupine
   158 | D        | Reached XP level 5. HP: 47/49 MP: 5/5
   176 | D        | Entered arena 3.
   176 | D        | Noticed an eye of draining
   176 | D        | Noticed a large abomination
   197 | D        | Slain by a large abomination

Vault maps used:
D:        sprint_v

Skill      XL: |  1  2  3  4 |
---------------+-------------+-----
Fighting       | 5 6 8 |  8.1
Dodging        | 6 7 8 |  8.1
Unarmed Combat | 3 4 |  4.0
Stealth        | 5 6 |  6.2

Action                   |  1- 3 |  4- 6 || total
-------------------------+-------+-------++-------
Melee: Unarmed           |    11 |    30 ||    41
       Punch             |       |     1 ||     1
  Use: Potion            |     3 |     8 ||    11
  Eat: Meat ration       |       |     1 ||     1
Dodge: Dodged            |    10 |    19 ||    29
